 Dungeon Crawl Stone Soup version 0.28.0 (webtiles) character file.

Game seed: 609977440605417231

1708 trckry the Wallflower (level 8, -1/59 HPs)
             Began as a Demonspawn Wanderer on Feb 12, 2022.
             Was a Follower of Uskayaw.
             Killed from afar by Maggie (18 damage)
             ... with a bolt of fire
             ... on level 6 of the Dungeon.
             The game lasted 00:16:18 (6365 turns).

trckry the Wallflower (Demonspawn Wanderer)         Turns: 6365, Time: 00:16:19

Health: -1/59      AC:  9    Str: 16    XL:     8   Next: 73%
Magic:  9/13       EV: 12    Int: 15    God:    Uskayaw [*.....]
Gold:   244        SH:  4    Dex: 10    Spells: 8/9 levels left

rFire   . . .      SeeInvis .   a - +2 falchion
rCold   . . .      Faith    .   b - +0 buckler
rNeg    . . .      Spirit   .   d - +0 robe
rPois   .          Reflect  .   (helmet restricted)
rElec   .          Harm     .   n - +0 cloak
rCorr   .          Rampage  .   g - +2 pair of gloves
Will    .....                   (no boots)
Stlth   +.........              (no amulet)
HPRegen 0.19/turn               (no ring)
MPRegen 0.13/turn               (no ring)

@: mesmerised
A: horns 1, yellow scales 2
a: Renounce Religion, Stomp


You were on level 6 of the Dungeon.
You worshipped Uskayaw.
Uskayaw was noncommittal.
You visited 2 branches of the dungeon, and saw 7 of its levels.

You collected 279 gold pieces.
You spent 35 gold pieces at shops.

Inventory:

Hand Weapons
 a - a +2 falchion (weapon)
Missiles
 c - 45 stones (quivered)
Armour
 b - a +0 buckler (worn)
 d - a +0 robe (worn)
 g - a +2 pair of gloves (worn)
 n - a +0 cloak (worn)
 y - a +0 pair of boots
 z - a +0 chain mail
Jewellery
 w - a ring of fire
Wands
 q - a wand of flame (21)
Scrolls
 e - a scroll of immolation {unknown}
 f - a scroll of fog {unknown}
 i - 4 scrolls of vulnerability {unknown}
 j - 7 scrolls of identify {unknown}
 k - a scroll of summoning {unknown}
 m - a scroll of fear {unknown}
 r - a scroll of magic mapping
 s - a scroll of torment {unknown}
 u - a scroll of blinking {unknown}
 v - a scroll of teleportation {unknown}
 x - a scroll of acquirement {unknown}
Potions
 h - a potion of curing {unknown}
 o - a potion of mutation {unknown}
 p - a potion of cancellation {unknown}
 t - a potion of attraction {unknown}


   Skills:
 + Level 3.6 Fighting
 * Level 5.0 Long Blades
 + Level 3.2 Armour
 + Level 3.2 Dodging
 - Level 1.0 Stealth
 + Level 3.5 Shields
 - Level 1.3 Spellcasting
 - Level 4.0 Earth Magic
 * Level 6.9 Invocations
 + Level 2.6 Evocations


You had 8 spell levels left.
You knew the following spells:

 Your Spells              Type           Power      Damage    Failure   Level
a - Sandblast             Erth           26%        2d8       6%          1

Your spell library contained the following spells:

 Spells                   Type           Power      Damage    Failure   Level
 Animate Skeleton         Necr           2%         N/A       30%         1
 Pain                     Necr           4%         1d4       30%         1
 Stone Arrow              Conj/Erth      14%        3d7       38%         3
 Vampiric Draining        Necr           1%         2d6       67%         3
 Airstrike                Air            0%         N/A       97%         4
 Summon Lightning Spire   Summ/Air       1%         N/A       97%         4
 Lightning Bolt           Conj/Air       0%         1d11      100%        5


Dungeon Overview and Level Annotations

Branches:
Dungeon (6/15)             Temple (1/1) D:5

Altars:
Ashenzari
Cheibriados
Dithmenos
Fedhas
Gozag
Hepliaklqana
Nemelex Xobeh
Okawaru
Qazlal
Ru
Sif Muna
Trog
Uskayaw
Vehumet
Wu Jian

Shops:
D:1 (*(   D:3 [   D:4 =(*=

Annotations:
D:6 Maggie


Innate Abilities, Weirdness & Mutations

You have a pair of small horns on your head.
You are mostly covered in yellow scales. (AC +3)


Message History

Press: ? - help, Shift-Dir - straight line, f/p - Maggie
Aim: Maggie, wielding a +0 vorpal war axe, wearing +0 steam dragon scales and carrying a wand of polymorph (2) (lightly wounded, mesmerising, poisoned, 79% to hit)
The blast of sand hits Maggie but does no damage.
Maggie is lightly wounded.
c - 47 stones Maggie casts a spell.
Maggie draws you further into her thrall.
Casting: Sandblast (safe; 6% risk of failure)
Confirm with . or Enter, or press ? or * to list all spells.
Aiming: Sandblast (safe; 6% risk of failure)
Press: ? - help, Shift-Dir - straight line, f/p - Maggie
Aim: Maggie, wielding a +0 vorpal war axe, wearing +0 steam dragon scales and carrying a wand of polymorph (2) (lightly wounded, mesmerising, poisoned, 79% to hit)
The blast of sand misses Maggie.
c - 46 stones Maggie casts a spell at you.
The bolt of fire hits you!!
Casting: Sandblast (safe; 6% risk of failure)
Confirm with . or Enter, or press ? or * to list all spells.
Aiming: Sandblast (safe; 6% risk of failure)
Press: ? - help, Shift-Dir - straight line, f/p - Maggie
Aim: Maggie, wielding a +0 vorpal war axe, wearing +0 steam dragon scales and carrying a wand of polymorph (2) (lightly wounded, mesmerising, poisoned, 79% to hit)
The blast of sand hits Maggie but does no damage.
Maggie is lightly wounded.
c - 45 stones You barely miss Maggie.
Maggie is lightly wounded.
Maggie hits you with a +0 vorpal war axe.
You barely miss Maggie.
Maggie is lightly wounded.
Maggie looks more healthy.
Maggie hits you with a +0 vorpal war axe!
* * * LOW HITPOINT WARNING * * *
You closely miss Maggie.
Maggie is lightly wounded.
You block Maggie's attack.
You hit Maggie but do no damage. Your headbutt misses Maggie.
Maggie is lightly wounded.
Maggie points at you and mumbles some strange words.
The bolt of fire hits you!!
You die...

....?# .....#
########### ##...#
#.........# .....#
#.........# #....#
#.........# ##..>#
#.........# ##....#
####.........# #..#.#
#.(.(........#
#..@.....##.(.@@....#
.....[## #.........#
#.#... #####.#####
#.# #.# #.# #.# #.#


You could see Maggie (mesmerising).

Vanquished Creatures
  Grinder (D:5)
  A steam dragon (D:6)
  A necrophage (D:4)
  An ice beast (D:5)
  2 sky beasts
  A black bear (D:5)
  2 ogres (D:5)
  A phantom (D:5)
  Blork the orc (D:4)
  2 scorpions
  2 bullfrog zombies (D:5)
  A jelly (D:5)
  An orc priest (D:3)
  A bullfrog skeleton (D:5)
  A centaur skeleton (D:4)
  2 iguanas
  An orc wizard (D:3)
  Natasha (thrice) (D:2)
  A hound skeleton (D:4)
  A howler monkey skeleton (D:5)
  6 adders
  An ufetubus (D:4)
  An adder skeleton (D:4)
  3 worms
  3 dart slugs
  4 orcs (D:3)
  8 ball pythons
  9 endoplasms
  2 giant cockroaches
  7 goblins
  5 hobgoblins
  4 jackals (D:1)
  4 kobolds
  4 quokkas
  5 bats
  4 frilled lizards
  9 rats
106 creatures vanquished.

Notes
Turn   | Place    | Note
-------+----------+-------------------------------------------
     0 | D:1      | trckry the Demonspawn Wanderer began the quest for the Orb.
     0 | D:1      | trckry set off with the following items: a +2 falchion, a
                  | +0 buckler, 25 stones, a +0 robe; and the following spell
                  | memorised: Sandblast; and the following spells available to
                  | memorise: Stone Arrow
     0 | D:1      | Reached XP level 1. HP: 13/13 MP: 2/2
    41 | D:1      | Found a faded altar of an unknown god.
    58 | D:1      | Prayed at the altar of an unknown god.
    58 | D:1      | Became a worshipper of Uskayaw the Reveller
    58 | D:1      | Reached * piety under Uskayaw
   110 | D:1      | Reached ** piety under Uskayaw
   209 | D:1      | Gained mutation: You have a pair of small horns on your
                  | head. [demonic ancestry]
   209 | D:1      | Reached XP level 2. HP: 15/19 MP: 3/3
   292 | D:1      | Found Memilaun's General Store.
   295 | D:1      | Found Yklycott's Weapon Emporium.
   627 | D:1      | Reached skill level 1 in Invocations
   744 | D:1      | Found Oheackacs's Weapon Shop.
   969 | D:1      | Gained mutation: You are partially covered in yellow
                  | scales. (AC +2) [demonic ancestry]
   969 | D:1      | Reached XP level 3. HP: 24/24 MP: 5/5
  1411 | D:2      | Reached skill level 2 in Invocations
  1765 | D:2      | Noticed Natasha
  1780 | D:2      | Killed Natasha
  1781 | D:2      | Reached skill level 1 in Fighting
  1781 | D:2      | Reached XP level 4. HP: 19/32 MP: 6/6
  2014 | D:2      | Noticed Natasha
  2021 | D:2      | Killed Natasha
  2022 | D:2      | Reached skill level 1 in Armour
  2022 | D:2      | Reached skill level 1 in Dodging
  2290 | D:2      | Noticed Natasha
  2303 | D:2      | Killed Natasha
  2304 | D:2      | Reached XP level 5. HP: 27/37 MP: 7/7
  2550 | D:3      | Reached *** piety under Uskayaw
  2552 | D:3      | Reached skill level 3 in Invocations
  2554 | D:3      | Reached **** piety under Uskayaw
  3035 | D:3      | Found Tuddoud's Antique Armour Emporium.
  3149 | D:4      | Noticed a necrophage
  3157 | D:4      | Killed a necrophage
  3158 | D:4      | Reached skill level 4 in Invocations
  3158 | D:4      | Reached XP level 6. HP: 44/44 MP: 4/9
  3222 | D:4      | Found Suxarupp's Antique Weapon Emporium.
  3243 | D:4      | Noticed Blork the orc
  3250 | D:4      | Killed Blork the orc
  3310 | D:4      | Found Tonn's General Store.
  3337 | D:4      | Bought a scroll of magic mapping for 35 gold pieces
  3444 | D:4      | Found Ahecokk's One-of-a-Kind Rings.
  3648 | D:4      | Found Kats's Jewellery Boutique.
  3702 | D:4      | Found Mel Xolu's Book Emporium.
  3737 | D:4      | Found an opulent altar of Gozag.
  3761 | D:4      | Found an iron altar of Okawaru.
  3807 | D:4      | Reached XP level 7. HP: 23/51 MP: 3/10
  4061 | D:5      | Entered Level 5 of the Dungeon
  4073 | D:5      | Reached skill level 1 in Evocations
  4215 | D:5      | HP: 7/51 [something (5)]
  4217 | D:5      | Reached skill level 5 in Invocations
  4753 | D:5      | Found a snail-covered altar of Cheibriados.
  4805 | D:5      | Noticed Grinder
  4808 | D:5      | Paralysed by Grinder for 4 turns
  4819 | D:5      | Killed Grinder
  4820 | D:5      | Gained mutation: You are mostly covered in yellow scales.
                  | (AC +3) [demonic ancestry]
  4820 | D:5      | Reached XP level 8. HP: 27/58 MP: 1/12
  5011 | D:5      | Reached skill level 6 in Invocations
  5121 | D:5      | Found a staircase to the Ecumenical Temple.
  5136 | Temple   | Entered the Ecumenical Temple
  6025 | D:6      | HP: 8/58 [steam dragon (3)]
  6036 | D:6      | Noticed Maggie
  6328 | D:6      | Reached skill level 5 in Long Blades
  6365 | D:6      | Killed from afar by Maggie

Illustrated notes

Levels and vault maps discovered:
D:1:      dpeg_arrival_windows_large_door, layout_basic, serial_shops,
          shop_fountains, nicolae_shop_crystal, shop, basic_ecumenical_altar
D:2:      layout_basic, kennysheep_potato, uniq_natasha
D:3:      layout_loops_cross, serial_shops, nicolae_shop_trees
D:4:      layout_basic, mainiacjoe_overflow_swirl, serial_shops,
          nicolae_square_shop, shop, shop, nicolae_shop_stone,
          nicolae_shop_unique_rings, uniq_blork_the_orc
D:5:      layout_gridville, old_standard_altar, minmay_temple_entry_wispy,
          minmay_misc_feat_tower, uniq_grinder
D:6:      layout_rooms, serial_shops, shop, minmay_misc_feat_columns,
          uniq_maggie, uniq_crazy_yiuf_cottage, uniq_sigmund
Temple:   nicolae_temple_x_marks_the_god

Skill      XL: |  1  2  3  4  5  6  7  8 |
---------------+-------------------------+-----
Earth Magic    | 4 |  4.0
Invocations    | 1 2 4 5 6 |  6.9
Fighting       | 1 2 3 |  3.6
Long Blades    | 3 4 5 |  5.0
Armour         | 1 2 3 |  3.2
Dodging        | 1 2 3 |  3.2
Shields        | 2 3 |  3.5
Evocations     | 1 2 |  2.6
Stealth        | |  1.0
Spellcasting   | |  1.3

Action                   |  1- 3 |  4- 6 |  7- 9 || total
-------------------------+-------+-------+-------++-------
Melee: Falchion          |   107 |   115 |   114 ||   336
       Headbutt          |     7 |    24 |    16 ||    47
Throw: Dart              |       |       |     8 ||     8
 Cast: Sandblast         |     1 |     7 |    28 ||    36
Invok: Stomp             |       |     2 |     5 ||     7
 Stab: Sleeping          |     5 |     7 |       ||    12
       Paralysed         |       |       |     1 ||     1
Armor: Robe              |    31 |    41 |    41 ||   113
Dodge: Dodged            |    58 |    50 |    51 ||   159
Block: Buckler           |    21 |    13 |    25 ||    59
